 Dungeon Crawl Stone Soup version 0.19.1-1-g22dce08 (webtiles) character file.

3410 theAP the Martial Artist (level 10, -11/69 HPs)
             Began as an Octopode Transmuter on Jan 16, 2017.
             Was an Initiate of Cheibriados.
             Mangled by TuxedoFelix's ghost (16 damage)
             ... on level 8 of the Dungeon.
             The game lasted 00:19:51 (6520 turns).

theAP the Martial Artist (Octopode Transmuter)      Turns: 6520, Time: 00:19:51

Health: -11/69     AC:  1    Str: 13    XL:     10   Next: 4%
Magic:  13/20      EV: 16    Int: 18    God:    Cheibriados [......]
Gold:   354        SH:  0    Dex: 13    Spells: 3 memorised, 12 levels left

rFire  + . .     SeeInvis .       - Unarmed
rCold  x . .     Gourm    .     (shield currently unavailable)
rNeg   + . .     Faith    .     (helmet restricted)
rPois  .         Spirit   .     d - amulet of regeneration
rElec  .         Reflect  .     h - ring of flight
rCorr  .         Harm     .     m - ring of positive energy
MR     .....                    o - +3 ring of evasion
Stlth  +++.......               l - ring of fire
                                (no ring)
                                (no ring)
                                (no ring)
                                (no ring)

@: blade tentacles, slowed, very slow
A: almost no armour, stealthy swim, amphibious, 8 rings, constrict 8, camouflage
1, screaming 1, gelatinous body 1
a: End Transformation, Bend Time, Renounce Religion, Evoke Flight


You were on level 8 of the Dungeon.
You worshipped Cheibriados.
Cheibriados was noncommittal.
You were not hungry.
You had blades for tentacles.
You visited 2 branches of the dungeon, and saw 9 of its levels.

You collected 354 gold pieces.

Inventory:

Missiles
 a - 67 arrows
Jewellery
 d - an amulet of regeneration (around mantle)
 h - a ring of flight (left scythe-like blade)
 l - a ring of fire (on tentacle)
 m - a ring of positive energy (right scythe-like blade)
 o - a +3 ring of evasion (on tentacle)
Wands
 f - a wand of digging (10/24)
 t - a wand of slowing (48/48)
 x - a wand of lightning (10/15)
 y - a wand of iceblast (14/15)
Scrolls
 j - a scroll of fear
 n - 4 scrolls of amnesia
 p - 3 scrolls of remove curse
 r - 2 scrolls of teleportation
Potions
 e - a potion of agility
 g - a potion of haste
 s - a potion of heal wounds {unknown}
 u - 2 potions of degeneration
 w - a potion of curing
 z - a potion of magic
Books
 b - a book of Changes

   Spells                             Type                      Level
   a - Beastly Appendage              Transmutation                1
   b - Sticks to Snakes               Transmutation                2
   c - Spider Form                    Transmutation/Poison         3
   d - Ice Form                       Ice/Transmutation            4
   e - Blade Hands                    Transmutation                5
 q - the Grimoire of Stolen Souls and Heat
   (You found it on level 6 of the Dungeon)

   Spells                             Type                      Level
   a - Pain                           Necromancy                   1
   b - Sublimation of Blood           Necromancy                   2
   c - Regeneration                   Charms/Necromancy            3
   d - Conjure Flame                  Conjuration/Fire             3
   e - Inner Flame                    Hexes/Fire                   3
   f - Vampiric Draining              Necromancy                   3
   g - Bolt of Magma                  Conjuration/Fire/Earth       5
Comestibles
 c - 9 bread rations
 i - 2 meat rations
 k - a beef jerky


   Skills:
 + Level 6.9 Fighting
 - Level 2.1 Dodging
 - Level 0.8 Stealth
 + Level 11.6 Unarmed Combat
 + Level 6.7 Spellcasting
 + Level 7.4 Transmutations


You had 12 spell levels left.
You knew the following spells:

 Your Spells              Type           Power        Failure   Level  Hunger
a - Beastly Appendage     Tmut           ####..       12%         1    None
b - Blade Hands           Tmut           ####......   58%         5    #####..
c - Ice Form              Ice/Tmut       ###.....     71%         4    ####...


Dungeon Overview and Level Annotations

Branches:
Dungeon (8/15)             Temple (1/1) D:4
   Lair: D:8-11

Altars:
Ashenzari
Cheibriados
Dithmenos
Elyvilon
Fedhas
Gozag
Hepliaklqana
Kikubaaqudgha
Makhleb
Nemelex Xobeh
Okawaru
Qazlal
Ru
Sif Muna
Trog
Vehumet
Xom
Yredelemnul
Zin
The Shining One

Annotations:
D:6 Edmund
D:8 TuxedoFelix's ghost, novice MiFi


Innate Abilities, Weirdness & Mutations

You cannot wear most types of armour.
You are very stealthy in the water. (Stealth+)
You are amphibious.
You can wear up to eight rings at the same time.
You can use your tentacles to constrict eight enemies at once.
Your skin changes colour to match your surroundings (Stealth+).
Your rubbery body absorbs attacks. (AC +1, EV +1)
You occasionally shout uncontrollably at your foes.


Message History

Okay, then.
Press: ? - help, v - describe, . - travel
Here: TuxedoFelix's ghost The floor.
There are monsters nearby!
Casting: Blade Hands
Confirm with . or Enter, or press ? or * to list all spells.
Your tentacles turn into razor-sharp scythe blades.
The hornet stings you.
* * * LOW HITPOINT WARNING * * *
You shrug off the repeated paralysis!
The hornet stings you!
* * * LOW HITPOINT WARNING * * *
You feel as though you will be slow longer.
You slash the hornet!
You kill the hornet!
Cheibriados appreciates the change of pace.
You have reached level 10!
You feel clever.
You miss TuxedoFelix's ghost. TuxedoFelix's ghost hits you!
You die...

#?##....# #.##....#
########### #.##..#.#
#.........# #.##..#.#
#.........# #.##..#.#
#...#P.#..# #.##..#>#
#..##P.##.# #.##..#
##..#..._#.###########.##.†#
.'..#....#.'....@W.....##..#
##..+.⌠._#.#########.......#
#>.#..P.#.# #.......#
#..#.P._#.# #......##
#..##..#..#### #......#
#...####.....# #......#
##### #......# #......#
#......# ######## #....).#


You could see TuxedoFelix's ghost.

Vanquished Creatures
  The ghost of sose the Cutter, a novice VSFi of Makhleb (D:5)
  The ghost of dngmouse the Chopper, an amateur HOFi (D:4)
  A hornet (D:8)
  Sigmund (D:3)
  Menkaure (D:6)
  2 water moccasins
  Duvessa (D:5)
  2 sky beasts
  An ice beast (D:8)
  A black bear (D:7)
  2 ogres (D:5)
  A necrophage (D:7)
  A centaur (D:5)
  A big kobold (D:8)
  2 bullfrogs
  Dowan (D:5)
  3 scorpions
  2 howler monkeys
  A crimson imp (D:8)
  A bullfrog zombie (D:6)
  2 centaur skeletons
  2 hounds
  3 orc priests
  2 bullfrog skeletons
  4 orc wizards
  Ijyb (D:3)
  An iguana (D:6)
  4 worker ants
  A hound skeleton (D:4)
  Robin (D:2)
  8 adders
  4 gnolls (D:5)
  An adder skeleton (D:7)
  3 worms
  A dart slug (D:2)
  3 leopard geckos
  28 orcs
  5 giant cockroaches
  5 hobgoblins
  4 jackals (D:2)
  4 quokkas
  2 ball pythons
  7 bats
  4 frilled lizards
  16 goblins
  8 kobolds
  A quokka zombie (D:7)
  3 rats
  A plant (D:8)
156 creatures vanquished.

Notes
Turn   | Place    | Note
-------+----------+-------------------------------------------
     0 | D:1      | theAP the Octopode Transmuter began the quest for the Orb.
     0 | D:1      | Reached XP level 1. HP: 13/13 MP: 3/3
   268 | D:1      | Reached XP level 2. HP: 17/18 MP: 5/5
   798 | D:2      | Reached XP level 3. HP: 23/23 MP: 6/6
   891 | D:2      | Reached skill level 11 in Unarmed Combat
   891 | D:2      | Reached XP level 4. HP: 28/28 MP: 7/7
   892 | D:2      | Reached skill level 5 in Fighting
   892 | D:2      | Reached skill level 5 in Spellcasting
   892 | D:2      | Reached skill level 5 in Transmutations
   892 | D:2      | Reached XP level 5. HP: 39/39 MP: 7/12
   968 | D:2      | Noticed Robin
   975 | D:2      | Killed Robin
  1060 | D:2      | You fall through a shaft!
  1078 | D:3      | Noticed Ijyb
  1093 | D:3      | Killed Ijyb
  1356 | D:2      | Found a hazy altar of Hepliaklqana.
  1394 | D:2      | Learned a level 5 spell: Blade Hands
  1399 | D:2      | Learned a level 4 spell: Ice Form
  1422 | D:2      | You fall through a shaft!
  1550 | D:2      | Reached XP level 6. HP: 45/45 MP: 13/13
  1980 | D:3      | Noticed Sigmund
  2005 | D:3      | Killed Sigmund
  2231 | D:4      | Found a staircase to the Ecumenical Temple.
  2255 | Temple   | Entered the Ecumenical Temple
  2462 | D:4      | Noticed a water moccasin
  2507 | D:4      | Reached XP level 7. HP: 50/50 MP: 15/15
  2831 | D:4      | Noticed dngmouse's ghost (amateur HOFi)
  2845 | D:4      | Killed dngmouse's ghost
  2856 | D:4      | Found a burning altar of Makhleb.
  3120 | D:4      | Reached XP level 8. HP: 37/57 MP: 16/16
  3316 | D:5      | Entered Level 5 of the Dungeon
  3316 | D:5      | Found a deep blue altar of Sif Muna.
  3346 | D:5      | Found a deep blue altar of Sif Muna.
  3776 | D:5      | Noticed sose's ghost (novice VSFi)
  3832 | D:5      | Killed sose's ghost
  3832 | D:5      | Reached XP level 9. HP: 20/62 MP: 12/18
  3897 | D:5      | Found a shadowy altar of Dithmenos.
  3955 | D:5      | Found a stormy altar of Qazlal.
  3956 | D:5      | Noticed Duvessa
  3956 | D:5      | Noticed Dowan
  3983 | D:5      | Killed Dowan
  3998 | D:5      | Killed Duvessa
  4326 | D:6      | Identified the Grimoire of Stolen Souls and Heat
  4635 | D:6      | Noticed Menkaure
  4644 | D:6      | Killed Menkaure
  4734 | D:6      | Noticed Edmund
  5697 | D:7      | Found a bloodstained altar of Trog.
  6091 | D:8      | Noticed TuxedoFelix's ghost (novice MiFi)
  6259 | D:8      | Gained mutation: You occasionally shout uncontrollably at your foes. [mutagenic meat]
  6261 | D:8      | Gained mutation: You are weak. (Str -2) [mutagenic meat]
  6262 | D:8      | Gained mutation: You are very weak. (Str -4) [mutagenic meat]
  6263 | D:8      | Lost mutation: You are very weak. (Str -4) [mutagenic meat]
  6264 | D:8      | Lost mutation: You are weak. (Str -2) [mutagenic meat]
  6331 | D:8      | Found a radiant altar of Vehumet.
  6331 | D:8      | Found a snail-covered altar of Cheibriados.
  6331 | D:8      | Found an iron altar of Okawaru.
  6363 | D:8      | Became a worshipper of Cheibriados the Contemplative
  6368 | D:8      | Found a blossoming altar of Fedhas.
  6510 | D:8      | Noticed a hornet
  6516 | D:8      | Paralysed by a hornet for 2 turns
  6518 | D:8      | HP: 3/63 [hornet (13)]
  6519 | D:8      | Killed a hornet
  6519 | D:8      | Reached XP level 10. HP: 4/69 MP: 13/20
  6520 | D:8      | Mangled by TuxedoFelix's ghost

Skill      XL: |  1  2  3  4  5  6  7  8  9 |
---------------+----------------------------+-----
Unarmed Combat | 11 | 11.6
Fighting       | 5 6 |  6.9
Spellcasting   | 5 6 |  6.7
Transmutations | 5 6 7 |  7.4
Dodging        | |  2.1
Stealth        | |  0.8

Action                   |  1- 3 |  4- 6 |  7- 9 | 10-12 || total
-------------------------+-------+-------+-------+-------++-------
Melee: Unarmed           |    59 |    71 |   306 |     1 ||   437
       Constrict         |    16 |    14 |    54 |       ||    84
       Tentacles         |     7 |     8 |    44 |       ||    59
       Kick              |     4 |       |       |       ||     4
       Punch             |       |     2 |    19 |       ||    21
 Cast: Beastly Appendage |     3 |       |       |       ||     3
       Ice Form          |       |       |     1 |       ||     1
       Blade Hands       |       |       |     2 |       ||     2
  Use: Scroll            |     2 |     8 |     5 |       ||    15
       Potion            |     1 |     1 |     5 |       ||     7
 Stab: Sleeping          |     7 |     8 |     8 |       ||    23
       Distracted        |       |     1 |       |       ||     1
  Eat: Chunk             |       |     4 |    16 |       ||    20
       Beef jerky        |       |       |     2 |       ||     2
       Pizza             |       |       |     1 |       ||     1
Armor: Skin              |     1 |     2 |     5 |       ||     8
Dodge: Dodged            |    29 |    47 |   182 |       ||   258
